Map: Catalyst LE

Players

Pain - Winner!

  • Race: Terran Terran
  • Spawn Location: 11:00

A.I. 1 (Medium)

  • Race: Zerg Zerg
  • Spawn Location: 5:00

VOD

Have the link to the VOD?

Description

Time

  • Played on: March 16, 2018, 3:41 p.m.
  • Length: 14:07
Show
View Real Time Build Order
Export as new Build Order

Pain Terran - Winner!

Build Orders:  

Get SALT Encoding   

  12  0:03  SCV  
  13  0:16  SCV  
  14  0:22  Supply Depot  
  14  0:31  Refinery  
  15  0:35  SCV  
  15  0:45  Barracks  
  15  1:03  SCV  
  16  1:15  SCV  
  16  1:17  Barracks  
  17  1:29  Barracks  
  17  1:32  SCV  
  18  1:43  Supply Depot  
  18  1:44  SCV  
  19  1:56  SCV  
  19  1:57  Barracks Reactor  
  20  2:08  SCV  
  21  2:18  Engineering Bay  
  21  2:20  SCV  
  21  2:21  Bunker  
  21  2:29  Marine  
  22  2:34  Marine x2  
  22  2:36  SCV  
  25  2:47  Marine  
  25  2:49  SCV  
  27  3:02  Supply Depot  
  27  3:04  Marine  
  27  3:05  Refinery  
  28  3:10  Orbital Command  
  28  3:20  Factory  
  28  3:22  Marine  
  29  3:32  Factory  
  29  3:40  Marine  
  30  3:45  Terran Infantry Weapons Level 1  
  30  3:54  SCV  
  31  3:58  Marine  
  32  4:06  SCV  
  33  4:16  Marine  
  34  4:30  Command Center  
  34  4:33  Supply Depot  
  34  4:34  Marine  
  35  4:42  Marine x2  
  37  4:51  Marine  
  38  5:00  Marine x2  
  40  5:09  Marine  
  41  5:22  Supply Depot  
  41  5:31  Armory  
  41  5:32  Factory Reactor  
  41  5:33  Factory Tech Lab  
  34  5:53  Barracks Tech Lab  
  29  6:04  Marine x2  
  31  6:22  Marine x2  
  33  6:28  Siege Tank  
  36  6:40  Marine x2  
  38  6:58  Marine  
  38  6:59  Marine x2  
  38  7:00  Siege Tank  
  44  7:12  SCV  
  45  7:16  Marine x2  
  45  7:17  Marine  
  48  7:24  SCV  
  49  7:32  Siege Tank  
  49  7:33  Marine  
  49  7:34  Marine  
  49  7:35  Supply Depot  
  49  7:37  SCV  
  55  7:40  Hellbat x2  
  59  7:49  SCV  
  60  7:51  Marine  
  60  7:52  Marine  
  60  7:55  Terran Infantry Armor Level 1  
  62  8:01  Terran Vehicle Weapons Level 1, Hellbat x2  
  62  8:04  Siege Tank  
  70  8:20  Marine x3  
  70  8:22  SCV  
  70  8:25  SCV  
  74  8:34  SCV  
  74  8:36  Siege Tank  
  78  8:42  Starport  
  78  8:51  Supply Depot  
  78  8:59  Marine x3, SCV x2  
  83  9:11  SCV x2  
  83  9:13  Supply Depot  
  83  9:16  Marine x3  
  85  9:19  Starport  
  85  9:23  SCV  
  89  9:24  Siege Tank  
  92  9:34  Marine x3  
  92  9:49  Medivac  
  92  9:52  Marine x3  
  97  9:57  Terran Vehicle Weapons Level 2  
  97  10:10  Marine x3  
  100  10:19  Medivac  
  102  10:28  Marine x3  
  102  10:56  Marine x3, Medivac  
  107  11:02  Supply Depot, SCV  
  108  11:14  Marine x3, SCV  
  108  11:15  Refinery  
  112  11:20  Siege Tank  
  112  11:22  Medivac  
  117  11:25  Supply Depot  
  117  11:26  SCV, Viking  
  117  11:31  Marine x3  
  123  11:38  SCV  
  123  11:39  Refinery, Terran Infantry Weapons Level 2  
  124  11:49  Marine x3, Supply Depot  
  124  11:50  SCV  
  124  11:52  Siege Tank  
  131  11:56  Viking  
  133  12:07  Marine x2  
  133  12:13  Terran Vehicle And Ship Armor Level 1  
  131  12:32  Marine  
  131  12:33  Marine x2  
  131  12:36  Siege Tank  
  137  12:50  Marine x2  
  137  12:51  Marine  
  140  13:08  Marine x2  
  140  13:10  Marine  
  141  13:23  Siege Tank  
  141  13:26  Marine x2  
  146  13:28  Marine  
  145  13:44  Marine x2  
  145  13:46  Marine  
Show
View Real Time Build Order
Export as new Build Order

A.I. 1 (Medium) Zerg 

Build Orders: Pool First 

Get SALT Encoding   

  12  0:01  Drone  
  13  0:12  Overlord  
  13  0:17  Drone  
  14  0:31  Drone  
  14  0:33  Drone  
  16  0:42  Spawning Pool  
  15  0:45  Drone  
  15  0:49  Drone  
  17  0:53  Extractor  
  17  0:56  Drone  
  17  1:06  Overlord  
  17  1:30  Queen  
  17  1:31  Zergling x2  
  20  1:36  Zergling x2  
  20  1:38  Roach Warren, Drone  
  21  1:44  Extractor  
  20  1:49  Drone  
  20  1:53  Baneling Nest  
  20  2:00  Drone  
  21  2:11  Drone  
  22  2:21  Zergling x2  
  23  2:32  Zergling x2  
  23  2:36  Baneling  
  23  2:37  Overlord, Baneling, Zergling x2  
  24  2:41  Zergling x2  
  26  2:46  Zergling x2  
  27  2:54  Zergling x2  
  28  2:59  Baneling x2  
  28  3:05  Zergling x2  
  29  3:09  Evolution Chamber, Zergling x2  
  29  3:10  Drone  
  31  3:12  Drone  
  31  3:17  Drone  
  32  3:27  Overlord  
  32  3:38  Drone  
  33  3:41  Drone  
  33  3:44  Drone  
  33  3:47  Drone  
  36  5:08  Drone, Overlord, Lair  
  36  5:11  Drone, Spore Crawler  
  36  5:13  Spore Crawler  
  36  5:14  Drone  
  36  5:17  Drone  
  38  5:29  Overlord  
  38  5:37  Spine Crawler  
  38  5:38  Drone  
  37  5:48  Zergling x2, Spine Crawler  
  34  5:55  Zergling x2  
  30  6:03  Baneling  
  29  6:05  Queen  
  29  6:06  Overseer x2  
  29  6:08  Spire  
  29  6:10  Drone, Zergling x2  
  32  6:17  Zergling x2  
  33  6:21  Hydralisk Den  
  33  6:22  Drone  
  33  6:24  Zergling x2  
  34  6:26  Infestation Pit  
  34  6:28  Drone  
  34  6:31  Baneling, Zergling x2  
  35  6:39  Zergling x2  
  36  6:41  Evolution Chamber  
  36  6:42  Drone  
  36  6:44  Hatchery  
  35  6:57  Drone  
  36  7:21  Mutalisk  
  38  7:28  Mutalisk  
  40  7:35  Mutalisk  
  42  7:42  Mutalisk  
  44  7:50  Mutalisk  
  46  7:56  Drone, Queen  
  49  7:59  Drone  
  49  8:00  Spore Crawler x2  
  49  8:02  Drone, Spore Crawler  
  49  8:05  Drone  
  49  8:08  Drone  
  49  8:11  Drone, Overseer  
  51  8:14  Drone  
  51  8:17  Drone  
  51  8:18  Overlord  
  54  8:20  Drone  
  54  8:22  Drone  
  54  8:25  Drone, Spine Crawler  
  55  8:28  Drone  
  55  8:31  Drone  
  57  8:38  Drone  
  57  8:39  Spine Crawler  
  57  8:41  Drone  
  57  8:46  Drone  
  59  8:49  Drone  
  59  8:50  Overlord  
  59  8:51  Drone  
  59  8:54  Drone  
  62  9:00  Drone  
  63  9:03  Drone  
  64  9:28  Roach, Overlord x2, Pneumatized Carapace, Overseer  
  63  9:33  Hydralisk  
  51  9:41  Roach  
  53  9:46  Hydralisk  
  53  9:49  Zerg Melee Weapons Level 1  
  55  9:53  Zerg Ground Armor Level 1  
  55  9:54  Roach  
  57  10:00  Roach, Burrow  
  57  10:06  Zergling x2  
  60  10:12  Hydralisk  
  60  10:13  Hive  
  62  10:18  Extractor  
  62  10:19  Hydralisk  
  63  10:24  Extractor  
  63  10:25  Hydralisk  
  58  10:33  Roach  
  53  10:39  Zergling x2  
  54  10:44  Drone  
  54  10:46  Roach  
  54  10:47  Drone, Overlord  
  58  10:50  Overseer  
  58  10:54  Overseer  
  58  10:55  Roach  
  56  11:01  Hydralisk  
  56  11:07  Hydralisk  
  56  11:10  Overlord  
  55  11:13  Overseer  
  55  11:15  Roach  
  57  11:21  Zergling x2  
  57  11:23  Overlord x2  
  58  11:26  Overlord  
  58  11:28  Ultralisk Cavern  
  51  11:33  Overlord  
  51  11:42  Hatchery  
  45  11:49  Overlord  
  45  11:52  Overlord  
  43  11:59  Overlord  
  43  12:08  Overlord  
  33  12:16  Hydralisk  
  32  12:23  Zergling x2  
  32  12:29  Overlord  
  31  12:34  Overlord  
  31  12:43  Overlord  
  30  12:53  Hydralisk  
  30  12:56  Overseer  
  32  13:01  Zergling x2  
  32  13:05  Drone  
  24  13:07  Hydralisk  
  21  13:17  Roach  
  21  13:22  Drone  
  18  13:28  Drone  
  19  13:37  Drone  
  19  13:38  Roach  
  17  13:55  Drone x2  
Tags
 
Matchup
TvZ
Opening
Pool First
Replay Pack
RP
Spawn Locations
Cross Positions
Add a new tag
Caveats
  • Supply blocks, unpowered buildings, or Contaminate may cause inaccurate times.
  • Supply counts are checked every 10 seconds.